 Dungeon Crawl Stone Soup version 0.20.1-1-g8b1a95d (console) character file.

384 hilaritas the Chopper (level 7, -5/54 HPs)
             Began as a Formicid Fighter on Mar 5, 2018.
             Slain by a gnoll
             ... wielding a +0 flail
              (12 damage)
             ... on level 4 of the Dungeon.
             The game lasted 00:10:23 (3235 turns).

hilaritas the Chopper (Formicid Fighter)            Turns: 3235, Time: 00:10:23

Health: -5/54      AC: 11    Str: 26    XL:     7   Next: 6%
Magic:  7/7        EV:  5    Int:  8    God:
Gold:   201        SH: 10    Dex: 10    Spells: 6/6 levels left

rFire    . . .     SeeInvis +   a - +0 war axe
rCold    . . .     Gourm    .   c - +0 shield
rNeg     . . .     Faith    .   g - +0 plate armour
rPois    .         Spirit   .   (helmet unavailable)
rElec    .         Reflect  .   (no cloak)
rCorr    .         Harm     .   (no gloves)
MR       .....                  (no boots)
Stlth    ..........             (no amulet)
Regen    0.2/turn               r - +4 ring of strength
MPRegen  0.1/turn               o - +3 ring of slaying

@: no status effects
A: permanent stasis, dig shafts and tunnels, four strong arms, antennae 3
a: Dig, Shaft Self


You were on level 4 of the Dungeon.
You were not hungry.

You visited 1 branch of the dungeon, and saw 4 of its levels.

You collected 201 gold pieces.

Inventory:

Hand Weapons
 a - a +0 war axe (weapon)
 e - a +0 club
Missiles
 q - 6 tomahawks (quivered)
Armour
 c - a +0 shield (worn)
 g - a +0 plate armour (worn)
Jewellery
 b - an uncursed ring of positive energy
 j - an uncursed ring of poison resistance
 o - a +3 ring of slaying (right hand)
 r - a +4 ring of strength (left hand)
 s - an uncursed ring of protection from fire
Wands
 n - a wand of random effects (24/48)
Scrolls
 p - a scroll of recharging
Potions
 d - 2 potions of might
 i - a potion of magic
 l - 2 potions of brilliance
 m - 2 potions of curing
Comestibles
 f - 3 bread rations
 h - 2 meat rations
 k - 2 royal jellies
 t - a chunk of flesh


   Skills:
 * Level 4.1 Fighting
 * Level 6.0 Axes
 - Level 3.2 Armour
 + Level 5.0 Shields


You had 6 spell levels left.
You didn't know any spells.

Dungeon Overview and Level Annotations

Branches:
Dungeon (4/15)             Temple (0/1) D:4

Altars:
Trog
Vehumet
Xom


Innate Abilities, Weirdness & Mutations

You cannot be hasted, slowed, berserked, paralysed or teleported.
You can dig through walls and to a lower floor.
Your four strong arms can wield two-handed weapons with a shield.
You have a pair of large antennae on your head. (SInv)


Message History

You kill the gnoll!
You have reached level 7!
The gnoll hits you from afar with a halberd!
* * * LOW HITPOINT WARNING * * *
You block the gnoll's attack.
You slash the gnoll!
The gnoll is severely wounded.
You block the gnoll's attack. x2
You slash the gnoll!
You kill the gnoll!
The gnoll barely misses you.
Unknown command.
You see here a club.
You slice the gnoll!!
You kill the gnoll!
Your Axes skill increases to level 6!
You hit the gnoll.
The gnoll is lightly wounded.
The gnoll hits you with a flail!
You die...

..... #..... . ..... ..
#.....## ... #......#
.#.# # .##.# ##.#. #.#
...>.
......###....##.##...#
........#.......@gw.#
...##.#.#...#.#.###.....
...##.#.##.##.#.# .##
........##......#
..##..#.##.##.###
..##..........#
........####.##
#####.#.# #.# # #...#
..| # #.### ...# # #.# #


You could see a gnoll and a dart slug.

Vanquished Creatures
  A sky beast (D:3)
  A hound (D:4)
  Natasha (D:2)
  Robin (D:2)
  5 adders
  7 gnolls
  2 oozes
  3 worms
  A dart slug (D:3)
  3 leopard geckos
  An orc (D:3)
  5 giant cockroaches
  14 goblins
  13 hobgoblins
  10 jackals
  8 kobolds
  A quokka (D:3)
  2 ball pythons
  5 bats
  9 frilled lizards
  4 rats
97 creatures vanquished.

Notes
Turn   | Place    | Note
-------+----------+-------------------------------------------
     0 | D:1      | hilaritas the Formicid Fighter began the quest for the Orb.
     0 | D:1      | Reached XP level 1. HP: 18/18 MP: 1/1
    32 | D:1      | Reached XP level 2. HP: 24/24 MP: 2/2
   182 | D:1      | Reached XP level 3. HP: 26/30 MP: 3/3
   539 | D:2      | Reached skill level 3 in Axes
   550 | D:2      | Reached XP level 4. HP: 7/37 MP: 4/4
   896 | D:2      | Noticed Robin
   921 | D:2      | Killed Robin
   927 | D:2      | Reached XP level 5. HP: 24/42 MP: 5/5
  1174 | D:2      | Found a bloodstained altar of Trog.
  1220 | D:2      | Reached skill level 4 in Axes
  1322 | D:2      | Noticed Natasha
  1334 | D:2      | HP: 3/42 [white imp/puff of frost[Natasha] (10)]
  1336 | D:2      | HP: 1/42 [white imp/puff of frost[Natasha] (2)]
  1337 | D:2      | Killed Natasha
  1721 | D:2      | Found a radiant altar of Vehumet.
  1724 | D:2      | Found a shimmering altar of Xom.
  2042 | D:3      | Noticed a sky beast
  2064 | D:3      | Killed a sky beast
  2064 | D:3      | Reached skill level 5 in Axes
  2064 | D:3      | Reached XP level 6. HP: 18/48 MP: 6/6
  2473 | D:3      | Reached skill level 5 in Shields
  3221 | D:4      | Found a staircase to the Ecumenical Temple.
  3229 | D:4      | Reached XP level 7. HP: 12/54 MP: 7/7
  3234 | D:4      | Reached skill level 6 in Axes
  3235 | D:4      | Slain by a gnoll

Skill      XL: |  1  2  3  4  5  6  7 |
---------------+----------------------+-----
Shields        | 4 5 |  5.0
Axes           | 3 5 6 |  6.0
Fighting       | 4 |  4.1
Armour         | |  3.2

Action                   |  1- 3 |  4- 6 |  7- 9 || total
-------------------------+-------+-------+-------++-------
Melee: War axe           |    65 |   221 |     4 ||   290
  Use: Scroll            |     3 |     8 |       ||    11
       Potion            |       |     2 |       ||     2
  Eat: Chunk             |       |     8 |       ||     8
Armor: Scale mail        |    23 |    36 |       ||    59
       Plate armour      |       |    71 |       ||    71
Dodge: Dodged            |    31 |    55 |     1 ||    87
Block: Shield            |    44 |   129 |     3 ||   176
